 Dungeon Crawl Stone Soup version 0.25-a0-365-g7600c65aa0 (webtiles) character file.

Game seed: 5531278012075228088, levelgen mode: deterministic

86 Napalmbreeze the Skirmisher (level 4, -1/40 HPs)
             Began as a Draconian Transmuter on Jan 5, 2020.
             Killed from afar by an orc wizard (6 damage)
             ... with a magic dart
             ... on level 3 of the Dungeon.
             The game lasted 00:05:17 (2378 turns).

Napalmbreeze the Skirmisher (Draconian Transmuter)  Turns: 2378, Time: 00:05:18

Health: -1/40      AC:  6    Str: 12    XL:     4   Next: 27%
Magic:  2/7        EV: 12    Int: 14    God:
Gold:   127        SH:  0    Dex: 12    Spells: 0/7 levels left

rFire    . . .     SeeInvis .     - Unarmed
rCold    . . .     Gourm    .   (no shield)
rNeg     . . .     Faith    .   (armour unavailable)
rPois    .         Spirit   .   (helmet restricted)
rElec    .         Reflect  .   (no cloak)
rCorr    .         Harm     .   g - +0 pair of gloves
MR       .....                  (no boots)
Stlth    +.........             (no amulet)
HPRegen  0.13/turn              (no ring)
MPRegen  0.10/turn              (no ring)

@: very slightly contaminated, slowed, very slow
A: unfitting armour, cold-blooded, AC +5
a: no special abilities


You were on level 3 of the Dungeon.
You were not hungry.

You visited 1 branch of the dungeon, and saw 3 of its levels.

You collected 127 gold pieces.

Inventory:

Missiles
 a - 32 arrows
Armour
 g - a +0 pair of gloves (worn)
Jewellery
 p - an uncursed ring of ice {unknown}
Scrolls
 b - a scroll of blinking {unknown}
 d - 2 scrolls of remove curse
 e - a scroll of fear {unknown}
 f - a scroll of amnesia {unknown}
 h - a scroll of noise {unknown}
 j - a scroll of magic mapping {unknown}
 m - 5 scrolls of identify {unknown}
Potions
 k - a potion of haste {unknown}
 l - a potion of invisibility {unknown}
 n - a potion of magic {unknown}
 q - a potion of resistance {unknown}
Comestibles
 c - 7 rations
 o - 2 chunks of flesh


   Skills:
 + Level 4.1 Fighting
 - Level 1.7 Dodging
 + Level 3.5 Unarmed Combat
 - Level 2.0 Spellcasting
 - Level 2.0 Transmutations


You couldn't memorise any spells.
You knew the following spells:

 Your Spells              Type           Power        Failure   Level  Hunger
a - Beastly Appendage     Tmut           #.....       11%         1    ##.....
d - Ice Form              Ice/Tmut       #.......     83%         4    #####..
s - Sticks to Snakes      Tmut           #.......     16%         2    ###....

Your spell library contained the following spells:

 Spells                   Type           Power        Failure   Level  Hunger
 Spider Form              Tmut/Pois      #.........   43%         3    ####...
 Blade Hands              Tmut           #.........   96%         5    ######.


Dungeon Overview and Level Annotations

Branches:
Dungeon (3/15)

Altars:
Nemelex Xobeh


Innate Abilities, Weirdness & Mutations

Your plain brown scales are hard. (AC +5)
You cannot fit into any form of body armour.
You are cold-blooded and may be slowed by cold attacks.


Message History

Unknown command.
Unknown command.
Unknown command.
The orc wizard hits your ball python with a +0 dagger.
Your ball python dies!
Your ball python barely misses the orc wizard.
Your ball python constricts the orc wizard.
The orc wizard struggles to escape constriction.
Your ball python bites the orc wizard.
Your ball python constricts the orc wizard.
The orc closely misses you.
The orc wizard barely misses your ball python.
Your ball python bites the orc wizard but does no damage.
Your ball python constricts the orc wizard.
The orc wizard hits your ball python with a +0 dagger.
Your ball python dies!
The orc wizard is no longer moving quickly.
The orc wizard gestures at you while chanting.
The magic dart hits you.
You die...

#.....# #.##
#.....#####..#
#.....#......##
#.....#.......#
#.....#.......#
.####......##.....#
...........##oo...##+#
.............o.......#
.........#.##@....#..#
.........#.#.....^...#
########.....####....#
#.....[...<...#
#....##.......#
#....##.......#
###'###....#..#
#.###....#.>#
#.......#####


You could see an orc wizard and 2 orcs.

Vanquished Creatures
  2 adders (D:2)
  2 worms (D:2)
  3 dart slugs
  A leopard gecko (D:2)
  5 orcs
  5 bats
  9 goblins
  6 hobgoblins
  2 jackals (D:1)
  A ball python (D:1)
  2 frilled lizards (D:1)
  3 kobolds
  6 rats
47 creatures vanquished.

Vanquished Creatures (collateral kills)
  An adder (D:2)
1 creature vanquished.

Grand Total: 48 creatures vanquished

Notes
Turn   | Place    | Note
-------+----------+-------------------------------------------
     0 | D:1      | Napalmbreeze the Draconian Transmuter began the quest for
                  | the Orb.
     0 | D:1      | Reached XP level 1. HP: 16/16 MP: 3/3
   392 | D:1      | Reached skill level 2 in Fighting
   509 | D:1      | Reached XP level 2. HP: 25/25 MP: 5/5
   844 | D:1      | Reached skill level 3 in Fighting
  1208 | D:2      | Reached XP level 3. HP: 26/31 MP: 4/6
  1289 | D:2      | Learned a level 2 spell: Sticks to Snakes
  1628 | D:2      | Found a sparkling altar of Nemelex Xobeh.
  1636 | D:2      | Noticed an ogre
  1829 | D:2      | Reached XP level 4. HP: 40/40 MP: 7/7
  1893 | D:2      | Reached skill level 4 in Fighting
  2306 | D:3      | Learned a level 4 spell: Ice Form
  2378 | D:3      | Killed from afar by an orc wizard

Levels and vault maps discovered:
D:1:      kilobyte_arrival_exit_the_forest, layout_basic
D:2:      layout_basic, first_ration, nemelex_diamond_rough_becter
D:3:      layout_basic, uniq_natasha

Skill      XL: |  1  2  3  4 |
---------------+-------------+-----
Fighting       | 2 3 4 |  4.1
Dodging        | |  1.7
Unarmed Combat | |  3.5
Spellcasting   | |  2.0
Transmutations | |  2.0

Action                   |  1- 3 |  4- 6 || total
-------------------------+-------+-------++-------
Melee: Unarmed           |   136 |    40 ||   176
       Tailslap          |    15 |     6 ||    21
       Kick              |     2 |     3 ||     5
       Headbutt          |     3 |     2 ||     5
       Punch             |     1 |       ||     1
 Cast: Beastly Appendage |     2 |     3 ||     5
       Sticks to Snakes  |     2 |     2 ||     4
  Use: Scroll            |     1 |       ||     1
       Potion            |       |     1 ||     1
 Stab: Sleeping          |     2 |       ||     2
       Distracted        |     1 |       ||     1
  Eat: Chunk             |     3 |     2 ||     5
Armor: Skin              |    40 |    25 ||    65
Dodge: Dodged            |   101 |    52 ||   153

Table legend:
 A = Non-vault XP
 B = Vault XP
 C = Vault XP percentage of total XP
 D = Non-vault monster count
 E = Vault monster count
 F = Vault count percentage of total count
                 A         B        C        D         E       F
            +---------+---------+-------+---------+---------+-------
      Total |     124 |       0 |   0.0 |      48 |       0 |   0.0
            +---------+---------+-------+---------+---------+-------
        D:1 |      37 |       0 |   0.0 |      21 |       0 |   0.0
        D:2 |      72 |       0 |   0.0 |      21 |       0 |   0.0
        D:3 |      15 |       0 |   0.0 |       6 |       0 |   0.0
            +---------+---------+-------+---------+---------+-------
